 Dungeon Crawl Stone Soup version 0.30-a0-141-g30f27751c5 (webtiles) character file.

Game seed: 10278841023680989424

3332 qw the Cleaver (level 10, -3/64 HPs)
             Began as a Gargoyle Fighter on Sept 25, 2022.
             Was an Initiate of Okawaru.
             Shot with an arrow by a centaur (7 damage)
             ... on level 8 of the Dungeon.
             The game lasted 00:03:01 (9706 turns).

qw the Cleaver (Gargoyle Fighter)                   Turns: 9706, Time: 00:03:01

Health: -3/64      AC: 20    Str: 23    XL:     10   Next: 2%
Magic:  2/10       EV: 10    Int: 10    God:    Okawaru [......]
Gold:   346        SH:  5    Dex: 15    Spells: 9/9 levels left

rFire   + . .      SeeInvis .    p - +0 war axe
rCold   . . .      Faith    .    c - +0 buckler
rNeg    + . .      Spirit   .    l - +0 fire dragon scales
rPois   inf        Reflect  .    (no helmet)
rElec   +          Harm     .    (no cloak)
rCorr   .          Rampage  .    e - +1 pair of gloves {infuse}
Will    .....                    t - +0 pair of boots
Stlth   ..........               (no amulet)
HPRegen 0.20/turn                b - +6 ring of dexterity
MPRegen 0.12/turn                w - ring of ice

@: no status effects
A: sickness immunity, AC +7, negative energy resistance 1, electricity
resistance, torment resistance 1, petrification resistance
a: Renounce Religion


You were on level 8 of the Dungeon.
You worshipped Okawaru.
Okawaru was noncommittal.
You visited 2 branches of the dungeon, and saw 9 of its levels.

You collected 461 gold pieces.
You spent 115 gold pieces at shops.


Innate Abilities, Weirdness & Mutations

You are immune to sickness and miasma.
Your stone body is resilient. (AC +7)
You are immune to poison.
You resist negative energy. (rN+)
You are resistant to electric shocks. (rElec)
You are resistant to unholy torment.
You are immune to petrification.


   Skills:
 - Level 8.2 Fighting
 - Level 10.0 Axes
 - Level 1.8 Throwing
 - Level 5.0 Armour
 - Level 2.0 Dodging
 + Level 4.1 Shields


You had 9 spell levels left.
You didn't know any spells.
Your spell library was empty.

Inventory:

Hand Weapons
 a - a +1 flail of holy wrath
 p - a +0 war axe (weapon)
 s - the +5 hand axe of Luxury {vorpal, rCorr}
   (You found it on level 3 of the Dungeon)

   It inflicts extra damage upon your enemies.
   rCorr:     It protects you from acid and corrosion.
Missiles
 m - a boomerang (quivered)
Armour
 c - a +0 buckler (worn)
 e - a +1 pair of gloves of infusion (worn)
 l - +0 fire dragon scales (worn)
 q - a +0 chain mail
 t - a +0 pair of boots (worn)
Jewellery
 b - a +6 ring of dexterity (left hand)
 w - a ring of ice (right hand)
 Y - a ring of resist corrosion
Scrolls
 k - 2 scrolls of identify
 o - a scroll of teleportation
Potions
 d - 5 potions of might
 f - 2 potions of haste
 g - a potion of cancellation {unknown}
 h - a potion of resistance
 i - a potion of brilliance {unknown}
 j - 2 potions of lignification
 n - a potion of attraction {unknown}
 u - a potion of invisibility {unknown}

Dungeon Overview and Level Annotations

Branches:
Dungeon (8/15)             Temple (1/1) D:7
   Lair: D:8-11

Altars:
Ashenzari
Dithmenos
Elyvilon
Fedhas
Hepliaklqana
Kikubaaqudgha
Makhleb
Nemelex Xobeh
Okawaru
Qazlal
Ru
Sif Muna
Trog
Uskayaw
Vehumet
Xom
Yredelemnul
Zin

Shops:
D:6 ?

Annotations:
D:2 1 runed translucent door, Crazy Yiuf


Message History

Maggie hits you with a +1 scimitar of flaming!
Maggie burns you.
You slash Maggie!
Maggie is heavily wounded.
Maggie casts a spell at you. The bolt of fire hits you. You resist.
You slash Maggie!
Maggie is severely wounded.
You closely miss the wight.
The wight hits you with a +5 short sword!
Maggie hits you but does no damage.
You hit Maggie.
Maggie is almost dead.
You barely miss the wight. The wight hits you but does no damage.
Maggie gestures at you while chanting. The bolt of fire hits you! You resist.
9704 ||| READING 2 scrolls of teleportation.
As you read the scroll of teleportation, it crumbles to dust.
You feel strangely unstable.
The wight hits you with a +5 short sword!
Maggie hits you but does no damage.
You closely miss Maggie.
Maggie is almost dead.
You barely miss the wight.
You break out of your daze.
The wight hits you but does no damage.
Maggie mumbles some strange words.
Maggie attempts to bespell you! You resist.
You slash Maggie!
You kill Maggie!
Okawaru accepts your kill.
You hit the wight.
Your surroundings suddenly seem different.
A centaur comes into view.
Found 23 gold pieces, a dented fluorescent amulet and a scroll of blinking.
The centaur shouts!
The centaur wields a +0 shortbow.
The centaur shoots an arrow.
The arrow hits you!
You die...

#.....##
#.....c.
##......#
....$...#
#......#
#......#
#.?..."#
#$....@#
######.#
..# ####


You could see a centaur.

Vanquished Creatures
  Pikel (D:5)
  Maggie (D:8)
  2 steam dragons (D:5)
  3 water moccasins
  Duvessa (D:5)
  An ice beast (D:5)
  2 sky beasts
  A black bear (D:8)
  An ogre (D:7)
  A centaur (D:6)
  A lemure (D:5)
  A phantom (D:6)
  Blork the orc (D:5)
  A gnoll sergeant (D:6)
  3 scorpions
  4 necrophages
  Dowan (D:5)
  4 jellies
  6 orc priests
  A gnoll bouda (D:7)
  5 hounds
  Jessica (D:3)
  3 iguanas
  7 orc wizards
  Terence (D:3)
  7 gnolls
  8 adders
  3 white imps (D:5)
  3 worms
  A dart slug (D:1)
  28 orcs
  2 endoplasms
  4 giant cockroaches
  3 goblins
  4 hobgoblins
  7 jackals (D:1)
  6 kobolds
  4 quokkas
  11 ball pythons
  2 bats (D:1)
  5 frilled lizards
  3 rats
155 creatures vanquished.

Vanquished Creatures (others)
  A demonic plant (D:1)
  5 fungi (D:5)
  4 plants (D:3)
10 creatures vanquished.

Grand Total: 165 creatures vanquished

Notes
Turn   | Place    | Note
-------+----------+-------------------------------------------
     0 | D:1      | qw the Gargoyle Fighter began the quest for the Orb.
     0 | D:1      | Reached XP level 1. HP: 14/14 MP: 1/1
     0 | D:1      | 0 ||| qw: Version: 0.2-a-10-g399e6c4
     0 | D:1      | 0 ||| qw: Game counter: 137
     0 | D:1      | 0 ||| qw: Always use a shield: true
     0 | D:1      | 0 ||| qw: God list: Okawaru
     0 | D:1      | 0 ||| qw: Allow faded altars: false
     0 | D:1      | 0 ||| qw: Do Orc after D:15 true
     0 | D:1      | 0 ||| qw: Do second Lair branch before Depths: true
     0 | D:1      | 0 ||| qw: Lair rune preference: random
     0 | D:1      | 0 ||| qw: Plans: Normal, Zot:1-4, God:TSO, Crypt, Tomb,
                  | Pan, Slime:5, Hells, Abyss, Orb
     0 | D:1      | 0 ||| PLANNING D:1-11
    32 | D:1      | Reached skill level 2 in Axes
   307 | D:1      | Reached XP level 2. HP: 19/19 MP: 2/2
   531 | D:1      | Found a faded altar of an unknown god.
   679 | D:1      | Reached skill level 3 in Axes
   703 | D:1      | Reached XP level 3. HP: 23/23 MP: 3/3
   740 | D:1      | 740 ||| Stepping ~*~*~tactically~*~*~ (stealth).
   988 | D:1      | 988 ||| UPGRADING to +0 fire dragon scales.
   998 | D:1      | 998 ||| READING 2 scrolls labelled MAOGEJARCHA.
  1003 | D:1      | 1003 ||| READING scroll labelled SOTORO LYNUGA.
  1004 | D:1      | 1004 ||| READING scroll labelled ORHERY WATIONI.
  1004 | D:1      | Identified a scroll of acquirement
  1004 | D:1      | 1004 ||| ACQUIRING +0 pair of gloves of infusion
  1004 | D:1      | Acquired a +0 pair of gloves of infusion
  1006 | D:1      | 1006 ||| UPGRADING to +0 pair of gloves of infusion.
  1011 | D:1      | 1011 ||| READING scroll labelled YSHIACEUJON.
  1173 | D:2      | 1173 ||| Stepping ~*~*~tactically~*~*~ (stealth).
  1554 | D:2      | 1554 ||| Stepping ~*~*~tactically~*~*~ (stealth).
  1559 | D:2      | Reached XP level 4. HP: 28/28 MP: 0/4
  1625 | D:2      | Reached skill level 4 in Axes
  1625 | D:2      | 1625 ||| FLEEEEING.
  1920 | D:2      | Found a runed translucent door.
  1921 | D:2      | Noticed Crazy Yiuf
  1995 | D:2      | 1995 ||| READING scroll labelled JYCZU PAYM.
  1996 | D:2      | 1996 ||| READING scroll labelled LIR IBRUEBLIFO.
  2173 | D:3      | Noticed Terence
  2182 | D:3      | Killed Terence
  2186 | D:3      | Reached XP level 5. HP: 19/32 MP: 0/5
  2318 | D:3      | Found a shimmering blue altar of Sif Muna.
  2468 | D:3      | Noticed Jessica
  2474 | D:3      | Killed Jessica
  2509 | D:3      | 2509 ||| Stepping ~*~*~tactically~*~*~ (hiding).
  2517 | D:3      | 2517 ||| Stepping ~*~*~tactically~*~*~ (hiding).
  2549 | D:3      | HP: 7/32 [something (4)]
  2550 | D:3      | 2550 ||| READING scroll of teleportation.
  2552 | D:3      | HP: 2/32 [orc/+0 trident (2)]
  2553 | D:3      | Reached skill level 5 in Axes
  2565 | D:3      | 2565 ||| Stepping ~*~*~tactically~*~*~ (stealth).
  2585 | D:3      | 2585 ||| Stepping ~*~*~tactically~*~*~ (stealth).
  2587 | D:3      | 2587 ||| Stepping ~*~*~tactically~*~*~ (stealth).
  2597 | D:3      | 2597 ||| Stepping ~*~*~tactically~*~*~ (stealth).
  2598 | D:3      | 2598 ||| Stepping ~*~*~tactically~*~*~ (stealth).
  2610 | D:3      | 2610 ||| Stepping ~*~*~tactically~*~*~ (stealth).
  2615 | D:3      | 2615 ||| Stepping ~*~*~tactically~*~*~ (stealth).
  2616 | D:3      | 2616 ||| Stepping ~*~*~tactically~*~*~ (stealth).
  2622 | D:3      | HP: 5/32 [orc/+1 flail of holy wrath (5)]
  2893 | D:3      | 2893 ||| DROPPING +0 flail.
  3237 | D:3      | 3237 ||| Stepping ~*~*~tactically~*~*~ (hiding).
  3316 | D:3      | 3316 ||| Stepping ~*~*~tactically~*~*~ (stealth).
  3318 | D:3      | 3318 ||| Stepping ~*~*~tactically~*~*~ (hiding).
  3413 | D:3      | Identified the +5 hand axe of Luxury {vorpal, rCorr}
  3505 | D:3      | 3505 ||| DROPPING +0 scale mail.
  3506 | D:3      | 3506 ||| UPGRADING to ring of resist corrosion.
  3507 | D:3      | 3507 ||| READING scroll labelled JEZXEH SIFFETRU.
  3508 | D:3      | 3508 ||| READING 2 scrolls labelled WUOSAITYLAT.
  3509 | D:3      | 3509 ||| DRINKING 2 fuming purple potions.
  3510 | D:3      | 3510 ||| DRINKING 2 fuming white potions.
  3540 | D:3      | 3540 ||| DRINKING 2 viscous grey potions.
  3541 | D:3      | 3541 ||| DROPPING potion of flight.
  3542 | D:3      | 3542 ||| DROPPING potion of degeneration.
  3586 | D:4      | Reached XP level 6. HP: 38/38 MP: 3/6
  3603 | D:4      | 3603 ||| Stepping ~*~*~tactically~*~*~ (stealth).
  3649 | D:4      | Noticed a water moccasin
  3660 | D:4      | Killed a water moccasin
  3749 | D:4      | Reached skill level 6 in Axes
  3934 | D:4      | 3934 ||| DROPPING +0 vorpal mace.
  4299 | D:4      | Reached XP level 7. HP: 30/43 MP: 1/7
  4398 | D:4      | Found a broken altar of Ashenzari.
  4714 | D:5      | Entered Level 5 of the Dungeon
  4718 | D:5      | Reached skill level 7 in Axes
  4792 | D:5      | Noticed Pikel
  4814 | D:5      | Killed Pikel
  4815 | D:5      | Reached XP level 8. HP: 25/53 MP: 0/8
  5106 | D:5      | Reached skill level 1 in Dodging
  5145 | D:5      | Noticed Dowan
  5145 | D:5      | Noticed Duvessa
  5153 | D:5      | Killed Duvessa
  5163 | D:5      | Killed Dowan
  5469 | D:5      | HP: 8/53 [orc wizard/magic dart (7)]
  5470 | D:5      | Reached skill level 1 in Throwing
  5470 | D:5      | 5470 ||| READING 2 scrolls of teleportation.
  5473 | D:5      | Reached skill level 8 in Axes
  5576 | D:5      | 5576 ||| Invisible monster not found???
  5882 | D:5      | Noticed Blork the orc
  5892 | D:5      | Killed Blork the orc
  6058 | D:5      | 6058 ||| Stepping ~*~*~tactically~*~*~ (stealth).
  6059 | D:5      | 6059 ||| Stepping ~*~*~tactically~*~*~ (stealth).
  6061 | D:5      | 6061 ||| Stepping ~*~*~tactically~*~*~ (hiding).
  6161 | D:5      | 6161 ||| Stepping ~*~*~tactically~*~*~ (stealth).
  6187 | D:5      | 6187 ||| Stepping ~*~*~tactically~*~*~ (stealth).
  6188 | D:5      | 6188 ||| Stepping ~*~*~tactically~*~*~ (stealth).
  6190 | D:5      | 6190 ||| Stepping ~*~*~tactically~*~*~ (stealth).
  6212 | D:5      | 6212 ||| Stepping ~*~*~tactically~*~*~ (hiding).
  6213 | D:5      | 6213 ||| Stepping ~*~*~tactically~*~*~ (hiding).
  6214 | D:5      | 6214 ||| Stepping ~*~*~tactically~*~*~ (hiding).
  6219 | D:5      | Reached XP level 9. HP: 57/57 MP: 7/9
  6223 | D:5      | 6223 ||| Stepping ~*~*~tactically~*~*~ (stealth).
  6225 | D:5      | 6225 ||| Stepping ~*~*~tactically~*~*~ (stealth).
  6680 | D:5      | Reached skill level 9 in Axes
  6892 | D:5      | 6892 ||| DROPPING +2 ring mail of willpower.
  6893 | D:5      | 6893 ||| UPGRADING to +0 pair of boots.
  6898 | D:5      | 6898 ||| READING scroll labelled FAAXZED BERIAV.
  6951 | D:6      | Found Olleacly's Magic Scroll Shoppe.
  6954 | D:6      | 6954 ||| BUYING scroll of enchant armour (75 gold).
  6954 | D:6      | Bought a scroll of enchant armour for 75 gold pieces
  6954 | D:6      | 6954 ||| BUYING scroll of identify (20 gold).
  6954 | D:6      | Bought a scroll of identify for 20 gold pieces
  6954 | D:6      | 6954 ||| BUYING scroll of identify (20 gold).
  6954 | D:6      | Bought a scroll of identify for 20 gold pieces
  6954 | D:6      | 6954 ||| READING scroll of enchant armour.
  6954 | D:6      | 6954 ||| ENCHANTING +0 pair of gloves of infusion.
  6964 | D:6      | Found a sparkling altar of Nemelex Xobeh.
  7037 | D:6      | 7037 ||| Stepping ~*~*~tactically~*~*~ (hiding).
  7138 | D:6      | 7138 ||| Stepping ~*~*~tactically~*~*~ (hiding).
  7241 | D:6      | Found a hazy altar of Hepliaklqana.
  7405 | D:6      | Found a sacrificial altar of Ru.
  7612 | D:6      | 7612 ||| Stepping ~*~*~tactically~*~*~ (hiding).
  7613 | D:6      | 7613 ||| Stepping ~*~*~tactically~*~*~ (hiding).
  7627 | D:6      | 7627 ||| Stepping ~*~*~tactically~*~*~ (stealth).
  7639 | D:6      | 7639 ||| Stepping ~*~*~tactically~*~*~ (hiding).
  7648 | D:6      | 7648 ||| FLEEEEING.
  7649 | D:6      | 7649 ||| FLEEEEING.
  7651 | D:6      | 7651 ||| FLEEEEING.
  7652 | D:6      | 7652 ||| FLEEEEING.
  7653 | D:6      | 7653 ||| FLEEEEING.
  7654 | D:6      | 7654 ||| FLEEEEING.
  7655 | D:6      | 7655 ||| FLEEEEING.
  7656 | D:6      | 7656 ||| FLEEEEING.
  7657 | D:6      | 7657 ||| FLEEEEING.
  7658 | D:6      | 7658 ||| FLEEEEING.
  7659 | D:6      | 7659 ||| FLEEEEING.
  7660 | D:6      | 7660 ||| FLEEEEING.
  7661 | D:6      | 7661 ||| FLEEEEING.
  7662 | D:6      | 7662 ||| FLEEEEING.
  7663 | D:6      | 7663 ||| FLEEEEING.
  7664 | D:6      | 7664 ||| FLEEEEING.
  7665 | D:6      | 7665 ||| FLEEEEING.
  7666 | D:6      | 7666 ||| FLEEEEING.
  7870 | D:6      | Found a shimmering altar of Xom.
  8211 | D:6      | Reached skill level 10 in Axes
  8291 | D:6      | 8291 ||| UPGRADING to ring of ice.
  8292 | D:6      | 8292 ||| DROPPING +6 ring of intelligence.
  8293 | D:6      | 8293 ||| READING scroll labelled MOPOMOWUSI.
  8294 | D:6      | 8294 ||| READING scroll labelled WUR LIZYEKLAI.
  8295 | D:6      | 8295 ||| READING 4 scrolls of identify.
  8295 | D:6      | 8295 ||| IDENTIFYING puce potion
  8296 | D:6      | 8296 ||| READING 3 scrolls of identify.
  8296 | D:6      | 8296 ||| IDENTIFYING smoky red potion
  8297 | D:6      | 8297 ||| READING 2 scrolls of identify.
  8297 | D:6      | 8297 ||| IDENTIFYING clear potion
  8298 | D:6      | 8298 ||| DROPPING potion of magic.
  8299 | D:6      | 8299 ||| DROPPING potion of ambrosia.
  8592 | D:7      | 8592 ||| Stepping ~*~*~tactically~*~*~ (stealth).
  8829 | D:7      | Found a staircase to the Ecumenical Temple.
  8830 | D:7      | 8830 ||| PLANNING TEMPLE
  8830 | D:7      | 8830 ||| UPGRADING to +6 ring of dexterity.
  8832 | D:7      | 8832 ||| DRINKING 2 metallic blue potions.
  8936 | D:7      | 8936 ||| READING 2 scrolls of identify.
  8936 | D:7      | 8936 ||| IDENTIFYING fuming inky potion
  8937 | D:7      | 8937 ||| DROPPING potion of berserk rage.
  8950 | Temple   | Entered the Ecumenical Temple
  8956 | Temple   | 8956 ||| PLANNING OKAWARU WORSHIP
  8999 | Temple   | Became a worshipper of Warmaster Okawaru
  9000 | Temple   | 9000 ||| PLANNING D:1-11
  9104 | D:7      | Found a radiant altar of Vehumet.
  9569 | D:8      | Reached XP level 10. HP: 61/64 MP: 3/10
  9688 | D:8      | Noticed Maggie
  9689 | D:8      | 9689 ||| FLEEEEING.
  9691 | D:8      | 9691 ||| FLEEEEING.
  9703 | D:8      | HP: 12/64 [Maggie/bolt of fire (8)]
  9704 | D:8      | 9704 ||| READING 2 scrolls of teleportation.
  9704 | D:8      | HP: 4/64 [wight/+5 short sword (8)]
  9706 | D:8      | Killed Maggie
  9706 | D:8      | Shot with an arrow by a centaur

Levels and vault maps discovered:
D:1:      minmay_arrival_cross, layout_loops_ring,
          dreamdust_ecumenical_altar_sealed_demon
D:2:      layout_loops_ring, uniq_crazy_yiuf_cottage
D:3:      layout_basic, mainiacjoe_overflow_six_doors_small, serial_forest,
          infiniplex_forest_clump_small, infiniplex_forest_straight_2,
          infiniplex_forest_corner_1, infiniplex_forest_straight_3,
          infiniplex_forest_pool, infiniplex_forest_clump_double, uniq_jessica,
          uniq_terence
D:4:      layout_cave_pods, old_standard_altar, kennysheep_generic_room_4
D:5:      kennysheep_steamy, layout_layer_cave, chequers_serial_rivers_marsh,
          uniq_blork_the_orc, uniq_pikel, uniq_duvessa
D:6:      layout_gridville, mainiacjoe_overflow_24_doors, marbit_many_paths,
          mainiacjoe_overflow_boulevard, nzn_hepliaklqana_mist_gate,
          serial_shops, nicolae_stop_n_shop_2, ebering_dispersal_statue_hall,
          dreamdust_mushroom_princess, kennysheep_generic_room_14
D:7:      layout_loops_ring, nicolae_vehumet_radiance,
          minmay_temple_entry_water_ring
D:8:      layout_basic, grunt_temple_overflow_open, lemuel_crystal_altar,
          kennysheep_mini, gammafunk_ghost_spectres, minmay_misc_feat_ornament,
          uniq_maggie
Temple:   hellmonk_temple_of_storms

Skill      XL: |  1  2  3  4  5  6  7  8  9 |
---------------+----------------------------+-----
Axes           | 2 3 4 5 6 7 8 10 | 10.0
Fighting       | 4 7 8 |  8.2
Dodging        | 1 2 |  2.0
Throwing       | 1 |  1.8
Shields        | 4 |  4.1
Armour         | 5 |  5.0

Action                   |  1- 3 |  4- 6 |  7- 9 | 10-12 || total
-------------------------+-------+-------+-------+-------++-------
Melee: War axe           |   104 |   147 |   254 |    11 ||   516
Throw: Boomerang         |       |    32 |    28 |       ||    60
  Use: Scroll            |     4 |     5 |     9 |     1 ||    19
       Potion            |       |     3 |     1 |       ||     4
Armor: Scale mail        |    41 |       |       |       ||    41
       Fire dragon scale |    17 |   107 |   174 |     5 ||   303
Dodge: Dodged            |    59 |    67 |   108 |     2 ||   236
Block: Buckler           |    26 |    20 |    41 |     2 ||    89

Table legend:
 A = Non-vault XP
 B = Vault XP
 C = Vault XP percentage of total XP
 D = Non-vault monster count
 E = Vault monster count
 F = Vault count percentage of total count
                 A         B        C        D         E       F
            +---------+---------+-------+---------+---------+-------
      Total |    3301 |    1844 |  35.8 |     142 |      12 |   7.8
            +---------+---------+-------+---------+---------+-------
        D:1 |      46 |       0 |   0.0 |      26 |       0 |   0.0
        D:2 |      60 |       0 |   0.0 |      18 |       0 |   0.0
        D:3 |     135 |      69 |  33.8 |      22 |       2 |   8.3
        D:4 |     478 |       1 |   0.2 |      15 |       1 |   6.2
        D:5 |     727 |    1261 |  63.4 |      27 |       6 |  18.2
        D:6 |     895 |     128 |  12.5 |      16 |       2 |  11.1
        D:7 |     565 |       0 |   0.0 |      15 |       0 |   0.0
        D:8 |     395 |     385 |  49.4 |       3 |       1 |  25.0
            +---------+---------+-------+---------+---------+-------
